 Dungeon Crawl Stone Soup version 0.20.0-8-g6b59dc7 (webtiles) character file.

3779 RKaid the Covert (level 9, -10/47 HPs)
             Began as a Spriggan Enchanter on May 30, 2017.
             Was a Follower of Dithmenos.
             Mangled by a two-headed ogre (14 damage)
             ... on level 7 of the Dungeon.
             The game lasted 00:25:24 (10710 turns).

RKaid the Covert (Spriggan Enchanter)              Turns: 10710, Time: 00:25:24

Health: -10/47     AC:  4    Str:  4    XL:     9   Next: 95%
Magic:  0/20       EV: 18    Int: 19    God:    Dithmenos [*.....]
Gold:   303        SH:  0    Dex: 17    Spells: 11/22 levels left

rFire    . . .     SeeInvis +   a - +1 dagger
rCold    . . .     Gourm    .   (shield restricted)
rNeg     + . .     Faith    .   p - +2 robe {rN+}
rPois    +         Spirit   .   (helmet restricted)
rElec    .         Reflect  .   (no cloak)
rCorr    .         Harm     .   (gloves unavailable)
MR       +....                  (boots unavailable)
Stlth    ++++++....             e - amulet of magic regeneration {+MPregen}
Regen    0.2/turn               s - ring of flight {+Fly}
MPRegen  0.3/turn               w - ring of poison resistance {rPois}

@: wreathed by umbra, very quick
A: unfitting armour, see invisible, herbivore 3, speed 3, slow metabolism 2
a: Renounce Religion, Evoke Flight


You were on level 7 of the Dungeon.
You worshipped Dithmenos.
Dithmenos was aware of your devotion.
You were not hungry.

You visited 2 branches of the dungeon, and saw 9 of its levels.

You collected 391 gold pieces.
You spent 88 gold pieces at shops.

Inventory:

Hand Weapons
 a - a +1 dagger (weapon)
 b - a +0 hunting sling
   (You took it off a goblin on level 2 of the Dungeon)
Missiles
 n - 214 stones (quivered)
Armour
 p - a +2 robe of positive energy (worn)
   (You took it off Sigmund on level 2 of the Dungeon)
 I - a scarf of spirit shield
   (You found it on level 7 of the Dungeon)
Magical Staves
 t - an uncursed staff of summoning {unknown}
   (You found it on level 4 of the Dungeon)
Jewellery
 e - an amulet of magic regeneration (around neck) {+MPregen}
   (You found it on level 1 of the Dungeon)
 s - a ring of flight (left hand) {+Fly}
   (You found it on level 4 of the Dungeon)
 w - a ring of poison resistance (right hand) {rPois}
   (You found it on level 5 of the Dungeon)
 G - an uncursed amulet of the gourmand {unknown}
   (You found it on level 6 of the Dungeon)
Wands
 x - a wand of polymorph (13/24)
   (You found it on level 5 of the Dungeon)
 E - a wand of disintegration (15/24)
   (You found it on level 6 of the Dungeon)
 H - a wand of paralysis (14/24)
   (You took it off an orc on level 6 of the Dungeon)
Scrolls
 f - a scroll of fog
 g - 3 scrolls of magic mapping {!r}
 i - 5 scrolls of identify
 k - a scroll of blinking {!r}
 l - 2 scrolls of enchant weapon {unknown}
 o - 6 scrolls of remove curse
 q - 2 scrolls of immolation {unknown}
 y - a scroll of recharging {unknown}
 A - a scroll of fear {unknown}
 B - a scroll of enchant armour
Potions
 h - a potion of lignification {unknown}
 j - 2 potions of haste
 m - a potion of cancellation {unknown}
 r - a potion of brilliance {unknown}
 u - 2 potions of resistance {unknown}
 v - 2 potions of heal wounds
 z - a potion of berserk rage {unknown}
 C - 4 potions of curing
 D - 3 potions of mutation {unknown}
Books
 c - a book of Maledictions
Comestibles
 d - 6 bread rations
 F - a royal jelly


   Skills:
 * Level 5.3 Fighting
 + Level 5.2 Short Blades
 - Level 3.0 Dodging
 - Level 11.0 Stealth
 - Level 7.0 Spellcasting
 + Level 10.4 Hexes


You had 11 spell levels left.
You knew the following spells:

 Your Spells              Type           Power        Failure   Level  Hunger
a - Ensorcelled Hibernat  Hex/Ice        ####..       1%          2    None
b - Dazzling Spray        Conj/Hex       ####..       3%          3    #......
c - Confuse               Hex            #####...     1%          3    #......
d - Tukima's Dance        Hex            #####...     1%          3    #......


Dungeon Overview and Level Annotations

Branches:
Dungeon (8/15)             Temple (1/1) D:6
   Lair: D:8-11

Altars:
Ashenzari
Cheibriados
Dithmenos
Elyvilon
Fedhas
Gozag
Hepliaklqana
Kikubaaqudgha
Makhleb
Nemelex Xobeh
Okawaru
Qazlal
Ru
Sif Muna
Trog
Uskayaw
Vehumet
Xom
Yredelemnul
Zin
The Shining One

Shops:
D:5 *   D:6 !

Annotations:
D:2 1 runed door
D:3 EvilAshe's ghost, amateur KoCj


Innate Abilities, Weirdness & Mutations

You are very small and have problems with some larger weapons.
You are too small for most types of armour.
You have supernaturally acute eyesight. (SInv)
You are a herbivore.
You cover ground extremely quickly.
You need consume almost no food.


Message History

Press: ? - help, Shift-Dir - straight line, f/p - two-headed ogre
Aim: a two-headed ogre, wielding a giant spiked club and a giant club (chance to defeat MR: 37%)
You miscast Ensorcelled Hibernation.
You are very lightly contaminated with residual magic.
You feel a strange surge of energy!
Casting: Ensorcelled Hibernation
Confirm with . or Enter, or press ? or * to list all spells.
Aiming: Ensorcelled Hibernation
Press: ? - help, Shift-Dir - straight line, f/p - two-headed ogre
Aim: a two-headed ogre, wielding a giant spiked club and a giant club (chance to defeat MR: 37%)
The two-headed ogre easily resists.
Casting: Ensorcelled Hibernation
Confirm with . or Enter, or press ? or * to list all spells.
Aiming: Ensorcelled Hibernation
Press: ? - help, Shift-Dir - straight line, f/p - two-headed ogre
Aim: a two-headed ogre, wielding a giant spiked club and a giant club (chance to defeat MR: 37%)
The two-headed ogre easily resists.
Casting: Ensorcelled Hibernation
Confirm with . or Enter, or press ? or * to list all spells.
Aiming: Ensorcelled Hibernation
Press: ? - help, Shift-Dir - straight line, f/p - two-headed ogre
Aim: a two-headed ogre, wielding a giant spiked club and a giant club (chance to defeat MR: 37%)
The two-headed ogre easily resists.
Casting: Ensorcelled Hibernation
Confirm with . or Enter, or press ? or * to list all spells.
Aiming: Ensorcelled Hibernation
Press: ? - help, Shift-Dir - straight line, f/p - two-headed ogre
Aim: a two-headed ogre, wielding a giant spiked club and a giant club (chance to defeat MR: 37%)
The two-headed ogre easily resists.
Things that are here:
a giant club x2
Casting: Ensorcelled Hibernation
Confirm with . or Enter, or press ? or * to list all spells.
Aiming: Ensorcelled Hibernation
Press: ? - help, Shift-Dir - straight line, f/p - two-headed ogre
Aim: a two-headed ogre, wielding a giant spiked club and a giant club (chance to defeat MR: 37%)
The two-headed ogre easily resists.
You see here an adder skeleton.
There is a stone staircase leading up here.
Casting: Ensorcelled Hibernation
Confirm with . or Enter, or press ? or * to list all spells.
Aiming: Ensorcelled Hibernation
Press: ? - help, Shift-Dir - straight line, f/p - two-headed ogre
Aim: a two-headed ogre, wielding a giant spiked club and a giant club (chance to defeat MR: 37%)
The two-headed ogre easily resists.
The two-headed ogre misses you.
The two-headed ogre completely misses you.
You climb upwards.
Your magical contamination has completely faded away.
There is a stone staircase leading down here.
Casting: Ensorcelled Hibernation
Confirm with . or Enter, or press ? or * to list all spells.
Aiming: Ensorcelled Hibernation
Press: ? - help, Shift-Dir - straight line, f - two-headed ogre
Aim: a two-headed ogre, wielding a giant spiked club and a giant club (chance to defeat MR: 37%)
The two-headed ogre looks drowsy...
The two-headed ogre shouts in stereo!
You barely miss the two-headed ogre. The two-headed ogre misses you.
The two-headed ogre hits you with a giant club!!
Ouch! That really hurt!
Unknown command.
Casting: Ensorcelled Hibernation
Confirm with . or Enter, or press ? or * to list all spells.
Aiming: Tukima's Dance
Press: ? - help, Shift-Dir - straight line, f/p - two-headed ogre
Aim: a two-headed ogre, wielding a giant spiked club and a giant club (chance to defeat MR: 65%)
The two-headed ogre struggles to resist.
Casting: Tukima's Dance
Confirm with . or Enter, or press ? or * to list all spells.
Aiming: Tukima's Dance
Press: ? - help, Shift-Dir - straight line, f/p - two-headed ogre
Aim: a two-headed ogre, wielding a giant spiked club and a giant club (chance to defeat MR: 65%)
The giant spiked club dances into the air!
Casting: Tukima's Dance
Confirm with . or Enter, or press ? or * to list all spells.
Aiming: Dazzling Spray
Press: ? - help, Shift-Dir - straight line, f/p - two-headed ogre
Aim: a two-headed ogre, wielding a giant club The spray of energy hits the two-headed ogre.
The two-headed ogre is dazzled.
You hit the two-headed ogre but do no damage.
The two-headed ogre wields a giant club.
The two-headed ogre closely misses you. The two-headed ogre barely misses you.
The two-headed ogre is no longer blind.
Casting: Dazzling Spray
Confirm with . or Enter, or press ? or * to list all spells.
Aiming: Tukima's Dance
Press: ? - help, Shift-Dir - straight line, f/p - two-headed ogre
Aim: a two-headed ogre, wielding a giant club (lightly wounded, chance to defeat MR: 65%)
The two-headed ogre struggles to resist.
Casting: Tukima's Dance
Confirm with . or Enter, or press ? or * to list all spells.
Aiming: Tukima's Dance
Press: ? - help, Shift-Dir - straight line, f/p - two-headed ogre
Aim: a two-headed ogre, wielding a giant club (lightly wounded, chance to defeat MR: 65%)
The giant club dances into the air!
The two-headed ogre hits you!!
* * * LOW HITPOINT WARNING * * *
The two-headed ogre hits you!
You die...

##.## #..###.)..).##... #.#
##.##÷.♣.♣♣..#### #.#
#..'...♣.♣..'.# ##'##
#..'..♣.♣...'.# ##...##
#..#..♣♣.♣..#.# ##.....## ###
#..##......##.# #.......##
##.###..###....###.#
.........####...##..####')##...##
........>'...(..@...)............
.........####..O....##<##.#....##
#.......## ##..###÷##)##^.....#
##.....## ##.# #.##.######..#
##...## #.# #†##)# #..# ####+##
#.# #.##.######..# ......# #(#
#.##........(# .###..# #.#
#†#########..# .###..#### #.# #.#
#..#


You could see a two-headed ogre and 2 friendly dancing weapons.

Vanquished Creatures
  A two-headed ogre (D:8)
  The ghost of Toogi the Shield-Bearer, a novice DDFi of Makhleb (D:7)
  Sigmund (D:2)
  3 orc warriors
  An ice beast (D:6)
  4 sky beasts
  4 ogres
  2 centaurs
  A bullfrog (D:8)
  A wyvern zombie (D:8)
  A scorpion (D:6)
  A water moccasin skeleton (D:8)
  2 howler monkeys
  3 crimson imps
  A centaur zombie (D:6)
  2 hounds
  A jelly (D:7)
  5 orc priests
  2 orc wizards
  A bullfrog skeleton (D:5)
  A centaur skeleton (D:8)
  2 iguanas
  3 worker ants
  A killer bee zombie (D:7)
  A hound skeleton (D:4)
  Robin (D:2)
  A howler monkey skeleton (D:6)
  7 adders
  A shadow imp (D:7)
  An ooze (D:1)
  An adder zombie (D:5)
  2 adder skeletons
  4 worms (D:2)
  3 dart slugs
  3 leopard geckos
  21 orcs
  10 bats
  4 giant cockroaches
  11 goblins
  13 hobgoblins
  10 jackals
  2 quokkas
  6 frilled lizards
  9 kobolds
  11 rats
167 creatures vanquished.

Vanquished Creatures (others)
  A rat (D:3)
1 creature vanquished.

Grand Total: 168 creatures vanquished

Notes
Turn   | Place    | Note
-------+----------+-------------------------------------------
     0 | D:1      | RKaid the Spriggan Enchanter began the quest for the Orb.
     0 | D:1      | Reached XP level 1. HP: 9/9 MP: 5/5
   276 | D:1      | HP: 2/9 [hobgoblin/club (2)]
   603 | D:1      | Reached XP level 2. HP: 5/13 MP: 6/6
   754 | D:1      | Learned a level 2 spell: Ensorcelled Hibernation
  1055 | D:1      | Reached skill level 4 in Hexes
  1487 | D:1      | Reached skill level 5 in Stealth
  1762 | D:1      | Reached XP level 3. HP: 11/16 MP: 5/8
  1927 | D:1      | HP: 3/16 [hobgoblin/club (2)]
  2421 | D:1      | Reached skill level 2 in Short Blades
  2637 | D:2      | Noticed Sigmund
  2934 | D:2      | Reached XP level 4. HP: 21/21 MP: 6/9
  2959 | D:2      | Reached skill level 6 in Stealth
  3291 | D:2      | Noticed Robin
  3305 | D:2      | Killed Robin
  3319 | D:2      | Reached skill level 5 in Hexes
  3487 | D:2      | Found a runed door.
  4002 | D:2      | Killed Sigmund
  4002 | D:2      | Reached skill level 7 in Stealth
  4002 | D:2      | Reached skill level 6 in Hexes
  4002 | D:2      | Reached XP level 5. HP: 21/24 MP: 8/10
  4197 | D:2      | Reached XP level 6. HP: 27/28 MP: 11/11
  4293 | D:3      | Found a white marble altar of Elyvilon.
  4438 | D:3      | Learned a level 3 spell: Confuse
  4442 | D:3      | Learned a level 3 spell: Dazzling Spray
  4450 | D:3      | Noticed EvilAshe's ghost (amateur KoCj)
  4668 | D:3      | Reached skill level 3 in Spellcasting
  5433 | D:4      | Learned a level 3 spell: Tukima's Dance
  5645 | D:4      | Reached skill level 8 in Stealth
  6180 | D:5      | Entered Level 5 of the Dungeon
  6401 | D:5      | Found Lusotz's Assorted Antiques.
  6549 | D:5      | Reached skill level 4 in Spellcasting
  6693 | D:5      | Reached XP level 7. HP: 32/32 MP: 6/14
  6840 | D:5      | Reached skill level 7 in Hexes
  7631 | D:6      | Reached skill level 9 in Stealth
  7770 | D:6      | Reached skill level 5 in Spellcasting
  7888 | D:6      | Reached XP level 8. HP: 36/36 MP: 14/17
  8209 | D:6      | Reached skill level 10 in Stealth
  8209 | D:6      | Reached skill level 8 in Hexes
  8234 | D:6      | Reached skill level 6 in Spellcasting
  8376 | D:6      | Found Zuoki's Distillery.
  8380 | D:6      | Bought a potion of heal wounds for 55 gold pieces
  8380 | D:6      | Bought a potion of curing for 33 gold pieces
  9154 | D:6      | Found a staircase to the Ecumenical Temple.
  9165 | Temple   | Entered the Ecumenical Temple
  9291 | Temple   | Became a worshipper of Dithmenos the Shadowed
  9386 | D:7      | Reached skill level 11 in Stealth
  9386 | D:7      | Reached skill level 7 in Spellcasting
  9432 | D:7      | Reached skill level 1 in Fighting
  9432 | D:7      | Reached skill level 9 in Hexes
  9510 | D:7      | Reached skill level 2 in Fighting
  9589 | D:7      | Reached XP level 9. HP: 42/42 MP: 20/20
 10165 | D:7      | Reached skill level 3 in Short Blades
 10211 | D:7      | Noticed Toogi's ghost (novice DDFi)
 10220 | D:7      | Reached * piety under Dithmenos
 10250 | D:7      | Killed Toogi's ghost
 10250 | D:7      | Reached skill level 3 in Fighting
 10250 | D:7      | Reached skill level 4 in Short Blades
 10381 | D:8      | Reached skill level 4 in Fighting
 10412 | D:8      | Reached skill level 10 in Hexes
 10427 | D:8      | Noticed a two-headed ogre
 10445 | D:8      | Killed a two-headed ogre
 10445 | D:8      | Reached skill level 5 in Fighting
 10445 | D:8      | Reached skill level 5 in Short Blades
 10633 | D:8      | Noticed a two-headed ogre
 10710 | D:7      | HP: 4/47 [two-headed ogre (19)]
 10710 | D:7      | Mangled by a two-headed ogre

Skill      XL: |  1  2  3  4  5  6  7  8  9 |
---------------+----------------------------+-----
Hexes          | 4 6 7 9 10 | 10.4
Stealth        | 5 7 8 9 11 | 11.0
Short Blades   | 2 5 |  5.2
Spellcasting   | 4 5 7 |  7.0
Fighting       | 2 5 |  5.3
Dodging        | |  3.0

Action                   |  1- 3 |  4- 6 |  7- 9 || total
-------------------------+-------+-------+-------++-------
Melee: Dagger            |   181 |   251 |   272 ||   704
 Fire: Hunting sling     |       |     9 |       ||     9
 Cast: Corona            |    12 |     2 |       ||    14
       Ensorcelled Hiber |    15 |    24 |    93 ||   132
       Confuse           |       |     8 |    10 ||    18
       Dazzling Spray    |       |       |     5 ||     5
       Tukima's Dance    |       |       |     4 ||     4
  Use: Scroll            |       |    10 |       ||    10
 Stab: Sleeping          |    17 |    28 |    55 ||   100
       Confused          |       |     2 |     9 ||    11
       Invisible         |       |       |     2 ||     2
       Distracted        |       |       |     1 ||     1
  Eat: Bread ration      |     1 |       |     1 ||     2
       Fruit             |       |       |     2 ||     2
Armor: Robe              |    18 |    29 |    24 ||    71
Dodge: Dodged            |   133 |   163 |   150 ||   446

Table legend:
 A = Turns spent in this place as a percentage of turns spent in the entire game.
 B = Non-inter-level travel turns spent in this place as a percentage of non-inter-level travel turns spent in the entire game.
 C = Inter-level travel turns spent in this place as a percentage of turns spent in this place.
 D = Turns resting spent in this place as a percentage of non-inter-level travel turns spent in this place.
 E = Turns spent auto-exploring this place as a percentage of non-inter-level travel turns spent in this place.
 F = Non-inter-level travel turns spent in this place divided by the number of levels of this place that you've seen.
                   A       B       C       D       E      F
               +-------+-------+-------+-------+-------+----------------------
         Total | 100.0 | 100.0 |   0.3 |   4.4 |   6.7 | 317.1
       Dungeon |  99.4 |  99.4 |   0.3 |   4.4 |   6.6 | 354.6
        Temple |   0.6 |   0.6 |   5.6 |   0.0 |  35.3 |  17.0
               +-------+-------+-------+-------+-------+----------------------

Table legend:
 A = Kills in this place as a percentage of kills in entire the game.
 B = Kills by you in this place as a percentage of kills by you in the entire game.
 C = Kills by friends in this place as a percentage of kills by friends in the entire game.
 D = Other kills in this place as a percentage of other kills in the entire game.
 E = Experience gained in this place as a percentage of experience gained in the entire game.
 F = Experience gained in this place divided by the number of levels of this place that you have seen.
                   A       B       C       D       E      F
               +-------+-------+-------+-------+-------+----------------------
         Total | 100.0 | 100.0 |  -nan |  -nan | 100.0 | 599.9
       Dungeon | 100.0 | 100.0 |  -nan |  -nan | 100.0 | 674.9
               +-------+-------+-------+-------+-------+----------------------
